 Dungeon Crawl Stone Soup version 0.28-a0-429-g1448048969 (webtiles) character file.

Game seed: 13026043780314947150

461 jasper the Stinger (level 6, -1/41 HPs)
             Began as a Demonspawn Venom Mage on Sept 11, 2021.
             Was an Initiate of Sif Muna.
             Slain by an orc (8 damage)
             ... on level 4 of the Dungeon on Sept 12, 2021.
             The game lasted 00:06:04 (5205 turns).

jasper the Stinger (Demonspawn Venom Mage)          Turns: 5205, Time: 00:06:04

Health: -1/41      AC:  2    Str:  8    XL:     6   Next: 79%
Magic:  12/12      EV: 12    Int: 19    God:    Sif Muna [......]
Gold:   164        SH:  0    Dex: 19    Spells: 5/13 levels left

rFire   . . .      SeeInvis .   c - +10 hunting sling of Defiance {freeze, rC+ rN++ Will- Dex+4}
rCold   + . .      Faith    .   (no shield)
rNeg    + + .      Spirit   .   a - +0 robe
rPois   .          Reflect  .   (no helmet)
rElec   .          Harm     .   (no cloak)
rCorr   .          Rampage  .   (no gloves)
Will    .....                   (no boots)
Stlth   ++........              (no amulet)
HPRegen 0.13/turn               (no ring)
MPRegen 0.13/turn               (no ring)

@: attractive
A: claws 1, powered by pain 1, agile 1, deterioration 1
a: Renounce Religion


You were on level 4 of the Dungeon.
You worshipped Sif Muna.
Sif Muna was noncommittal.
You visited 1 branch of the dungeon, and saw 4 of its levels.

You collected 164 gold pieces.

Inventory:

Hand Weapons
 b - a +0 dagger
 c - the +10 hunting sling of Defiance (weapon) {freeze, rC+ rN++ Will- Dex+4}
   (You acquired it on level 1 of the Dungeon)

   Any ammunition fired from it freezes those it strikes, dealing additional
   cold damage.
   It can also slow down cold-blooded creatures.
   Dex:       It affects your dexterity (+4).
   rC:        It protects you from cold.
   rN:        It greatly protects you from negative energy.
   Will:      It decreases your willpower.
 e - a +0 short sword
 g - a +0 spear
Missiles
 d - 104 stones (quivered ammo)
 h - 38 sling bullets
Armour
 a - a +0 robe (worn)
Magical Staves
 q - a staff of air
Jewellery
 o - a ring of resist corrosion
Scrolls
 i - a scroll of fear {unknown}
 l - a scroll of teleportation
 m - a scroll of summoning {unknown}
 n - 2 scrolls of identify {unknown}
Potions
 k - a potion of attraction


   Skills:
 + Level 2.9 Slings
 - Level 1.7 Dodging
 - Level 1.7 Stealth
 + Level 4.2 Spellcasting
 - Level 1.9 Transmutations
 + Level 5.0 Poison Magic


You had 5 spell levels left.
You knew the following spells:

 Your Spells              Type           Power      Damage    Failure   Level
a - Sting                 Tmut/Pois      68%        1d6       3%          1
b - Mephitic Cloud        Conj/Pois/Air  10%        N/A       21%         3
c - Olgreb's Toxic Radia  Pois           23%        N/A       17%         4

Your spell library contained the following spells:

 Spells                   Type           Power      Damage    Failure   Level
 Poisonous Vapours        Pois/Air       26%        N/A       7%          2
 Airstrike                Air            1%         N/A       80%         4
 Summon Lightning Spire   Summ/Air       3%         N/A       80%         4
 Lightning Bolt           Conj/Air       1%         1d12      98%         5


Dungeon Overview and Level Annotations

Branches:
Dungeon (4/15)
 Temple: D:4-7

Altars:
Gozag
Hepliaklqana
Makhleb
Sif Muna
Xom
Yredelemnul
Zin

Shops:
D:4 (


Innate Abilities, Weirdness & Mutations

You have sharp fingernails.
You sometimes gain a little power by taking damage.
You are agile. (Dex +2)
Your body sometimes deteriorates upon taking damage.


Message History

You kill the adder!
Sif Muna accepts your kill.
It was a potion of attraction.
You feel attractive to monsters.
The orc is attracted toward you. x2; The orc priest is attracted toward you.
Fire: 106 stones
Press: ? - help, Q - select action, (/) - cycle Shift-Dir - straight line, f - orc
Aim: an orc, wielding a +0 morningstar and wearing a +0 chain mail (severely wounded, 76% to hit)
You shoot a stone.
The stone hits the orc but does no damage.
The orc is severely wounded.
The orc hits you with a +0 morningstar!
* * * LOW HITPOINT WARNING * * *
The orc priest calls upon Beogh to heal the orc.
The orc's wounds heal themselves!
The orc priest is attracted toward you.
You take 8 damage, and have 3/41 hp.
It was a potion of ambrosia.
You are confused.
You feel invigorated. The orc hits you with a +0 morningstar.
* * * LOW HITPOINT WARNING * * *
You take 1 damage, and have 2/41 hp.
It was a potion of curing.
You feel better.
You feel less invigorated. The orc hits you with a +0 flail.
* * * LOW HITPOINT WARNING * * *
You regained 10 hp, and now have 12/41 hp.
It was a potion of mutation.
You feel extremely strange.
You feel yourself wasting away.
You feel agile. The orc closely misses you. The orc hits you with a +0 flail.
* * * LOW HITPOINT WARNING * * *
The orc priest hits you with a +0 dagger.
* * * LOW HITPOINT WARNING * * *
You take 5 damage, and have 7/41 hp.
Fire: 105 stones
Press: ? - help, Q - select action, (/) - cycle Shift-Dir - straight line, f/p - orc
Aim: an orc, wielding a +0 morningstar and wearing a +0 chain mail (76% to hit)
You shoot a stone. The stone hits the orc!
The stone freezes the orc.
You kill the orc!
Sif Muna accepts your kill. The orc hits you with a +0 flail!
You die...

((.( #.....#.# #...#
?(.. #.....#.# ##...
()..#.....#.# #..#
#((##...##.# ##..#
#..###.###.# #....
#(......[.# #....
##....##### #....
##oo.#### #...^
#@)....#######....
#...##.......#....
#......#####....>.
##...###...###....
#.####......#####
#.#....###......#
#######.....######.....
.........####...######.
######..###..._...#####


You could see an orc priest and an orc.

Vanquished Creatures
  Eustachio (D:4)
  A jelly (D:4)
  Jessica (D:2)
  Terence (D:2)
  2 orc wizards (D:4)
  A hound skeleton (D:4)
  5 adders
  3 gnolls (D:4)
  An ufetubus (D:4)
  2 worms
  3 dart slugs
  13 orcs
  4 ball pythons
  6 bats
  7 endoplasms
  2 giant cockroaches
  7 goblins
  8 hobgoblins
  A quokka (D:2)
  4 frilled lizards
  6 kobolds
  7 rats
86 creatures vanquished.

Notes
Turn   | Place    | Note
-------+----------+-------------------------------------------
     0 | D:1      | jasper the Demonspawn Venom Mage began the quest for the
                  | Orb.
     0 | D:1      | Reached XP level 1. HP: 13/13 MP: 3/3
    18 | D:1      | Reached skill level 1 in Transmutations
   281 | D:1      | Noticed an eye of devastation
   283 | D:1      | Found a faded altar of an unknown god.
   334 | D:1      | Noticed a floating eye
   334 | D:1      | Noticed a shining eye
   334 | D:1      | Noticed an eye of devastation
   345 | D:1      | Gained mutation: You have sharp fingernails. [demonic
                  | ancestry]
   345 | D:1      | Reached XP level 2. HP: 19/19 MP: 0/5
   354 | D:1      | Became a worshipper of Gozag Ym Sagoz the Greedy
   355 | D:1      | Fell from the grace of Gozag
  1474 | D:1      | Gained mutation: You sometimes gain a little power by
                  | taking damage. [demonic ancestry]
  1474 | D:1      | Reached XP level 3. HP: 24/24 MP: 3/6
  1513 | D:1      | Identified a scroll of acquirement
  1513 | D:1      | Acquired the +10 hunting sling of Defiance {freeze, rC+
                  | rN++ Will- Dex+4}
  1798 | D:2      | Was forgiven by Gozag
  1804 | D:2      | Noticed Jessica
  1805 | D:2      | Killed Jessica
  1806 | D:2      | Reached XP level 4. HP: 30/30 MP: 8/8
  1814 | D:2      | Learned a level 3 spell: Mephitic Cloud
  1819 | D:2      | Learned a level 4 spell: Olgreb's Toxic Radiance
  2089 | D:2      | Noticed Terence
  2096 | D:2      | Killed Terence
  2097 | D:2      | Reached skill level 1 in Slings
  2097 | D:2      | Reached skill level 4 in Poison Magic
  2479 | D:3      | Found a shimmering altar of Xom.
  2717 | D:3      | Found a shimmering blue altar of Sif Muna.
  2892 | D:3      | Became a worshipper of Sif Muna the Loreminder
  3128 | D:3      | Reached XP level 5. HP: 35/35 MP: 9/9
  3564 | D:3      | Found a hazy altar of Hepliaklqana.
  4850 | D:4      | Reached XP level 6. HP: 41/41 MP: 11/11
  4866 | D:4      | Noticed Eustachio
  4873 | D:4      | Killed Eustachio
  4874 | D:4      | Reached skill level 5 in Poison Magic
  4908 | D:4      | Found Xoazus's Weapon Shop.
  4955 | D:4      | Found a basalt altar of Yredelemnul.
  5168 | D:4      | Found a burning altar of Makhleb.
  5202 | D:4      | HP: 2/41 [orc (5)]
  5204 | D:4      | Gained mutation: Your body sometimes deteriorates upon
                  | taking damage. [potion of mutation]
  5204 | D:4      | Gained mutation: You are agile. (Dex +2) [potion of
                  | mutation]
  5205 | D:4      | Slain by an orc

Illustrated notes

Levels and vault maps discovered:
D:1:      lightli_arrival_noodles, layout_loops_ring,
          hellmonk_ecumenical_altar_watching_god
D:2:      layout_basic, basic_altar, kennysheep_generic_room_3, uniq_terence,
          uniq_jessica
D:3:      layout_basic, nicolae_sif_muna_little_library,
          nicolae_hepliaklqana_hippocampus, lemuel_round_altar, serial_forest,
          infiniplex_forest_clump_curved, infiniplex_forest_lined_room_2,
          infiniplex_forest_lined_corner, infiniplex_forest_clump_long,
          infiniplex_forest_clump_small, infiniplex_forest_end_1,
          infiniplex_forest_lined_room_2, grunt_ministairs_14
D:4:      layout_basic, mainiacjoe_overflow_catch_the_wave, serial_shops,
          nicolae_shop_overgrown_old_shop, nicolae_square_shop,
          minmay_misc_feat_enclosed, uniq_eustachio

Skill      XL: |  1  2  3  4  5  6 |
---------------+-------------------+-----
Transmutations | 1 |  1.9
Slings         | 1 2 |  2.9
Spellcasting   | 3 4 |  4.2
Poison Magic   | 4 5 |  5.0
Dodging        | |  1.7
Stealth        | |  1.7

Action                   |  1- 3 |  4- 6 || total
-------------------------+-------+-------++-------
Melee: Short sword       |     9 |       ||     9
 Fire: Hunting sling     |    23 |    91 ||   114
Throw: Stone             |     1 |       ||     1
 Cast: Sting             |    49 |       ||    49
Invok: Renounce Religion |     1 |       ||     1
  Use: Potion            |     1 |     4 ||     5
       Scroll            |     1 |     3 ||     4
Armor: Robe              |    11 |       ||    11
Dodge: Dodged            |    41 |     4 ||    45

Table legend: (Time is in decaauts)
 A = Elapsed time spent in this place.
 B = Non-inter-level travel time spent in this place.
 C = Inter-level travel time spent in this place.
 D = Time resting spent in this place.
 E = Time spent auto-exploring this place.
 F = Levels seen in this place.
 G = Mean time per level.
                   A        B        C        D        E       F      G
               +--------+--------+--------+--------+--------+-----+--------+
         Total |   5208 |   4942 |    266 |   1304 |   3106 |   4 | 1302.0 |
       Dungeon |   5208 |   4942 |    266 |   1304 |   3106 |   4 | 1302.0 |
               +--------+--------+--------+--------+--------+-----+--------+

Top non-repeatable levels by time:
     D:1: 1552 daAuts
     D:4: 1421 daAuts
     D:3: 1343 daAuts
     D:2: 891 daAuts
